 Seeded DCSS version 0.32-a0-473-gd044c6f0f0 (webtiles) character file.

Game seed: 7220356206648857820 (custom seed)

227599 CInkIbrahim the Tortoise (level 19, -6/155 HPs)
             Began as a Coglin Fighter on Feb 25, 2024.
             Was the Champion of Lugonu.
             Mangled by a bunyip (31 damage)
             ... on level 4 of the Swamp.
             The game lasted 01:30:53 (29430 turns).

CInkIbrahim the Tortoise (Coglin Fighter)          Turns: 29430, Time: 01:30:54

Health: -6/155     AC: 38    Str: 19    XL:     19   Next: 39%
Magic:  30/30      EV:  7    Int: 13    God:    Lugonu [******]
Gold:   1566       SH:  5    Dex: 14    Spells: 18/18 levels left

rFire   + + .        a - +10 lance "Wyrmbane" {slay drac, rPois rF+ rC+ AC+3}
rCold   + + +        b - +5 demon trident (elec) {Kannika}
rNeg    + . .        k - +5 crystal plate armour of Uskayaw's Reproof {Will++ Str-4}
rPois   +            N - +2 hood of the Assassin {Detect Stab+ Stlth++}
rElec   +            R - scarf {rC+ rF+}
rCorr   .            U - +1 pair of gloves of the Giraffatuar {rElec rF- rN+ Int+4}
SInv    .            Z - +2 pair of boots {Fly}
Will    +++..        x - amulet "Rufin" {Reflect SH+5 Stlth+} Stlth
                     (ring unavailable)
HPRegen 0.45/turn    (ring unavailable)
MPRegen 0.22/turn

%: reflection
@: corroded, flying, slowed, studying Evocations, revved, very slow
A: cold resistance 1, fire resistance 1, off-hand wielding, slow wielding,
warmup strikes, no rings
}: 1/15 runes: decaying
a: Renounce Religion, Depart the Abyss, Banish, Corrupt, Enter the Abyss, Brand
Weapon With Distortion


You were on level 4 of the Swamp.
You worshipped Lugonu.
Lugonu was exalted by your worship.
You visited 5 branches of the dungeon, and saw 27 of its levels.
You also visited: Gauntlet and Ice Cave.

You collected 5102 gold pieces.
You spent 3536 gold pieces at shops.

Inventory:

Hand Weapons
 a - the +10 lance "Wyrmbane" (weapon) {slay drac, rPois rF+ rC+ AC+3}
   (You acquired it on level 2 of the Dungeon)

   AC+3:      It affects your AC (+3).
   rF+:       It protects you from fire.
   rC+:       It protects you from cold.
   rPois:     It protects you from poison
 b - a +5 demon trident of electrocution (offhand) {Kannika}
Missiles
 q - 44 poisoned darts (quivered)
 v - 5 throwing nets
 C - 4 curare-tipped darts
 Q - 5 atropa-tipped darts
Armour
 g - a +1 cloak of cold resistance
 i - the +2 helmet of Follow the Leader {rF+ rC+}
   (You found it in a Gauntlet)

   rF+:       It protects you from fire.
   rC+:       It protects you from cold.
 k - the +5 crystal plate armour of Uskayaw's Reproof (worn) {Will++ Str-4}
   (You acquired it on level 2 of the Dungeon)

   Str-4:     It affects your strength (-4).
   Will++:    It greatly increases your willpower.
 r - a +1 crystal plate armour of cold resistance
 N - the +2 hood of the Assassin (worn) {Detect Stab+ Stlth++}
   (You found it on level 8 of the Dungeon)

   Detect:    It allows the wearer to sense nearby creatures.
   Stab+:     It allows the wearer to make particularly effective stabbing
   attacks against helpless or unaware enemies with any weapon.
   Stlth++:   It makes you much more stealthy.
 R - a scarf of resistance (worn)
 T - a +0 pair of gloves of strength
 U - the +1 pair of gloves of the Giraffatuar (worn) {rElec rF- rN+ Int+4}
   (You found it in a Gauntlet)

   Int+4:     It affects your intelligence (+4).
   rF-:       It makes you vulnerable to fire.
   rElec:     It insulates you from electricity.
   rN+:       It protects you from negative energy.
 Z - a +2 pair of boots of flying (worn)
Jewellery
 x - the amulet "Rufin" (around neck) {Reflect SH+5 Stlth+}
   (You acquired it on level 4 of the Dungeon)

   [amulet of reflection]

   Reflect:   It reflects blocked missile attacks.
   SH+5:      It affects your SH (+5).
   Stlth+:    It makes you more stealthy.
Wands
 f - a wand of mindburst (45)
 u - a wand of charming (18)
 w - a wand of iceblast (48)
 D - a wand of digging (9)
 F - a wand of acid (12)
 L - a wand of polymorph (4)
 P - a wand of flame (41)
Scrolls
 c - a scroll of vulnerability
 j - 4 scrolls of identify
 l - 13 scrolls of teleportation
 m - 7 scrolls of amnesia
 y - 4 scrolls of blinking
 z - 5 scrolls of fog
 H - 2 scrolls of poison
 I - 3 scrolls of noise
 J - 4 scrolls of immolation
 M - 4 scrolls of revelation
 O - a scroll of butterflies
 S - 3 scrolls of enchant armour
 W - 2 scrolls of fear
Potions
 d - a potion of might
 h - 8 potions of enlightenment
 n - 10 potions of curing
 o - a potion of cancellation
 p - 8 potions of mutation
 s - 3 potions of ambrosia
 t - 3 potions of attraction
 A - a potion of brilliance
 B - a potion of haste
 E - 2 potions of resistance
 Y - a potion of berserk rage
Miscellaneous
 e - a phial of floods
 G - a tin of tremorstones (2/2)
 K - a lightning rod (4/4)
 V - a phantom mirror


   Skills:
 - Level 15.0 Fighting
 - Level 14.0 Polearms
 - Level 19.0 Armour
 * Level 6.6 Dodging
 - Level 10.0 Stealth
 - Level 2.1 Shields
 + Level 15.5 Invocations
 - Level 3.3 Evocations
 + Level 4.1 Shapeshifting


You had 18 spell levels left.
You didn't know any spells.
Your spell library contained the following spells:

 Spells                   Type           Power      Damage    Failure   Level
 Foxfire                  Conj/Fire      0%         2x1d4     100%        1
 Sting                    Conj/Alch      0%         1d3       100%        1
 Ensorcelled Hibernation  Hex/Ice        0%         N/A       100%        2
 Mercury Vapours          Alch/Air       0%         N/A       100%        2
 Momentum Strike          Conj/Tloc      0%         3d8       100%        2
 Scorch                   Fire           0%         2d5       100%        2
 Static Discharge         Conj/Air       0%         3-3/arc   100%        2
 Call Canine Familiar     Summ           0%         N/A       100%        3
 Dazzling Flash           Conj/Hex       0%         N/A       100%        3
 Frozen Ramparts          Ice            0%         1d1       100%        3
 Hailstorm                Conj/Ice       0%         3d5       100%        3
 Passwall                 Erth           0%         N/A       100%        3
 Sigil of Binding         Hex            0%         N/A       100%        3
 Summon Ice Beast         Ice/Summ       0%         N/A       100%        3
 Swiftness                Air            0%         N/A       100%        3
 Volatile Blastmotes      Fire/Tloc      0%         2d10      100%        3
 Airstrike                Air            0%         2d(0-16)  100%        4
 Animate Dead             Necr           0%         N/A       100%        4
 Cause Fear               Hex            0%         N/A       100%        4
 Dimensional Bullseye     Hex/Tloc       0%         N/A       100%        4
 Flame Wave               Conj/Fire      0%         2d4       100%        4
 Olgreb's Toxic Radiance  Alch           0%         N/A       100%        4
 Summon Lightning Spire   Summ/Air       0%         N/A       100%        4
 Fireball                 Conj/Fire      0%         3d3       100%        5
 Freezing Cloud           Conj/Ice/Air   0%         6-21      100%        5
 Iskenderun's Battlesphe  Conj           0%         2d6       100%        5
 Silence                  Hex/Air        0%         N/A       100%        5
 Summon Forest            Summ/Tloc      0%         N/A       100%        5
 Summon Mana Viper        Hex/Summ       0%         N/A       100%        5
 Yara's Violent Unravell  Hex/Alch       0%         3d3       100%        5
 Plasma Beam              Fire/Air       0%         2x1d10    100%        6
 Starburst                Conj/Fire      0%         6d3       100%        6
 Summon Cactus Giant      Summ           0%         N/A       100%        6
 Maxwell's Capacitive Co  Air            0%         ∞         100%        8
 Chain Lightning          Conj/Air       0%         N/A       100%        9
 Dragon's Call            Summ           0%         N/A       100%        9
 Fire Storm               Conj/Fire      0%         5d1       100%        9
 Shatter                  Erth           0%         3d5*      100%        9


Dungeon Overview and Level Annotations

Branches:
Dungeon (15/15)            Temple (1/1) D:4            Lair (5/5) D:11
  Swamp (4/4) Lair:3       Spider (0/4) Lair:2        Slime (0/5) Lair:5
    Orc (2/2) D:12            Elf (0/3) Orc:2        Vaults (0/5) D:14
 Depths (0/4) D:15          IceCv (visited)         Gauntlet (visited)

Altars:
Ashenzari
Cheibriados
Dithmenos
Elyvilon
Fedhas
Gozag
Hepliaklqana
Kikubaaqudgha
Makhleb
Nemelex Xobeh
Okawaru
Qazlal
Ru
Sif Muna
Trog
Uskayaw
Vehumet
Wu Jian
Xom
Yredelemnul
Zin
The Shining One
Lugonu

Shops:
D:3 !   D:9 :   D:14 [   Orc:1 *   Orc:2 *(*=

Portals:
Pandemonium: Orc:2

Annotations:
Swamp:4 exclusion: oklob plant
Abyss:1 Mara


Innate Abilities, Weirdness & Mutations

Your flesh is cold resistant. (rC+)
Your flesh is heat resistant. (rF+)
You can wield a second weapon in your off-hand.
It takes a long time for you to wield or remove held weapons.
Your first few attacks do less damage.
Your grasper-arms cannot wear rings.


Message History

The thorn hunter hits you! The thorn hunter barely misses you.
You are too injured to fight recklessly!
You are too injured to fight recklessly!
You are too injured to fight recklessly!
You hit the thorn hunter but do no damage.
You hit the thorn hunter with the +10 lance "Wyrmbane".
The thorn hunter gestures.
The thorn hunter hits you!
The thorn hunter hits you but does no damage.
You hit the thorn hunter with the +10 lance "Wyrmbane".
The thorn hunter is lightly damaged.
You puncture the thorn hunter with your +5 demon trident of electrocution!
Lightning courses through the thorn hunter!
You block the bunyip's attack. The bunyip claws you!!
* * * LOW HITPOINT WARNING * * *
The bunyip barely misses you.
The thorn hunter fires a volley of thorns at you.
The volley of thorns hits you but does no damage.
You puncture the thorn hunter with your +5 demon trident of electrocution!
The thorn hunter is heavily damaged.
You puncture the thorn hunter with the +10 lance "Wyrmbane"!
The thorn hunter hits you but does no damage.
The thorn hunter hits you.
* * * LOW HITPOINT WARNING * * *
You hit the thorn hunter with the +10 lance "Wyrmbane".
The thorn hunter is heavily damaged.
You hit the thorn hunter but do no damage.
The thorn hunter closely misses you.
The thorn hunter hits you but does no damage.
You hit the thorn hunter but do no damage.
The thorn hunter is heavily damaged.
You puncture the thorn hunter with your +5 demon trident of electrocution!
The thorn hunter hits you!
* * * LOW HITPOINT WARNING * * *
You block the thorn hunter's attack.
You hit the thorn hunter with the +10 lance "Wyrmbane".
The thorn hunter is severely damaged.
You hit the thorn hunter but do no damage.
The bunyip claws you!!
You die...

♣♣~..~...♣≈≈≈≈≈≈≈≈≈≈≈≈≈
♣~~~.~..♣PP~≈≈≈~≈≈≈~≈≈
♣♣~.....PP.♣§~~~~~~~≈≈
♣.##♣...#♣.♣~~~~~~~§~
♣#~##~.####..~.♣♣♣~.~
##~..~.####~~♣♣ ♣.~~
#~#.)~..#♣##~~. ♣~~~
♣#~x~.~.P♣♣#♣~. ♣.~~
#♣~f@~~..PP.♣ ♣.♣♣~..
♣.~)~.~~.PP.# #...~..
♣..♣~~#.#♣~.# ###..<.
♣~~♣♣♣#♣#♣#.######...
.... #~§..# ###. .♣.~.
#####...♣## ## ~~ ....
#.♣....##[# . ~)..♣ {
##.~.ß....# .~P_.
#.♣..†~♣~#


You could see a thorn hunter and a bunyip (strong).

Vanquished Creatures
  Bai Suzhen (Swamp:3)
  Saint Roka (Orc:2)
  A shard shrike zombie (Swamp:4)
  3 thorn hunters
  Kirke (D:14)
  Donald (Swamp:1)
  A frost giant (D:15)
  The ghost of ryw the Marksdemonspawn, an adept DsMo of Hepliaklqana (Swamp:2)
  Louise (Swamp:2)
  An orc warlord (Orc:1)
  2 ghouls (Swamp:4)
  4 eleionomae
  A minotaur (Gauntlet)
  9 bunyips
  Snorg (Lair:4)
  20 hydras
  3 shambling mangroves
  An entropy weaver (shapeshifter) (D:14)
  Harold (D:11)
  A catoblepas (Lair:3)
  An ice dragon (Lair:3)
  A demonspawn (Orc:2)
  A death knight (D:14)
  2 ironbound frosthearts (IceCv)
  3 centaur warriors
  10 alligators
  3 ghost crabs
  Erica (Orc:1)
  4 boulder beetles
  5 two-headed ogres
  2 tengu warriors (D:15)
  8 death yaks
  6 orc high priests
  Sonja (Lair:1)
  Urug (Orc:1)
  A skeletal warrior (Swamp:4)
  A fire crab (shapeshifter) (D:14)
  Nergalle (D:11)
  A sun demon (Orc:2)
  3 skysharks
  3 spectral hydras (Swamp:4)
  5 goliath frogs
  A death drake (Swamp:4)
  A flayed ghost (Swamp:4)
  An obsidian statue (Gauntlet)
  10 bog bodies
  4 spriggan druids
  6 swamp dragons
  A kraken simulacrum (Swamp:4)
  A lindwurm (Lair:1)
  4 orc knights (Orc:2)
  A phantasmal warrior (D:14)
  3 deep elf pyromancers
  7 orc sorcerers (Orc:2)
  7 cyclopes
  2 manticores
  Maurice (D:7)
  10 ugly things
  6 will-o-the-wisps
  A black mamba (Lair:4)
  5 elephants (Lair:4)
  4 kobold blastminers
  2 ice statues
  A torpor snail (Lair:2)
  10 cane toads
  2 orange demons (Orc:2)
  5 yaktaurs (D:15)
  6 rime drakes
  7 komodo dragons
  Maggie (D:9)
  A smoke demon (Orc:2)
  4 kobold demonologists
  14 freezing wraiths
  An efreet (Gauntlet)
  A tengu conjurer (D:14)
  5 ice devils
  7 trolls
  2 hydra zombies (Swamp:4)
  5 hydra skeletons (Swamp:4)
  Grinder (D:5)
  A merfolk (shapeshifter) (D:14)
  3 tyrant leeches
  23 polar bears
  3 bloated husks
  16 hornets
  A raiju (Gauntlet)
  14 slime creatures
  4 wyverns
  Sigmund (D:3)
  A spriggan skeleton (Swamp:4)
  3 shadows
  21 spriggans
  5 basilisks
  3 fire elementals (Gauntlet)
  4 hogs (D:14)
  5 wraiths
  72 yaks
  A basilisk (shapeshifter) (D:13)
  2 steam dragons (Gauntlet)
  3 wargs (Orc:2)
  2 redbacks (Lair:2)
  Menkaure (D:6)
  4 acid dragons
  12 swamp worms
  12 vampire mosquitoes
  2 hydra simulacra (Swamp:4)
  13 water moccasins
  3 hell hounds (Gauntlet)
  2 swamp drakes (Swamp:4)
  3 swamp dragon zombies (Swamp:4)
  38 orc warriors
  An ice beast (shapeshifter) (D:14)
  6 black bears
  13 ice beasts
  A sky beast (D:7)
  7 ogres
  60 wolves
  3 boggarts (Lair:5)
  5 centaurs
  A swamp dragon skeleton (Swamp:4)
  3 phantoms
  Blork the orc (D:6)
  2 gnoll sergeants
  4 kobold brigands (D:10)
  13 bullfrogs
  3 scorpions
  4 wights (D:9)
  9 howler monkeys
  5 electric eels
  2 bombardier beetles (D:5)
  2 jellies (D:5)
  27 orc priests
  4 hounds
  Ijyb (D:3)
  2 iguanas (D:5)
  28 orc wizards
  5 hell rats
  A centaur simulacrum (D:9)
  2 killer bee simulacra (D:9)
  7 gnolls
  8 adders
  A swamp drake zombie (Swamp:4)
  2 swamp drake skeletons (Swamp:4)
  15 white imps
  2 dart slugs
  2 ribbon worms
  109 orcs
  6 endoplasms
  A giant cockroach (D:2)
  9 goblins
  3 hobgoblins
  13 kobolds
  3 quokkas
  8 ball pythons
  A bat (D:2)
  4 frilled lizards
  5 rats (D:2)
962 creatures vanquished.

Vanquished Creatures (others)
  An orange crystal statue (Gauntlet)
  An efreet (Gauntlet)
  2 bloated husks
  2 fire elementals (Gauntlet)
  2 humans (D:14)
  A hell hound (Gauntlet)
  A wolf (IceCv)
  22 foxfires
32 creatures vanquished.

Grand Total: 994 creatures vanquished

Notes
Turn   | Place    | Note
-------+----------+-------------------------------------------
     0 | D:1      | CInkIbrahim the Coglin Fighter began the quest for the Orb.
     0 | D:1      | Reached XP level 1. HP: 18/18 MP: 1/1
   277 | D:1      | Found a faded altar of an unknown god.
   311 | D:1      | Reached XP level 2. HP: 19/24 MP: 2/2
   320 | D:1      | Prayed at the altar of an unknown god.
   320 | D:1      | Became a worshipper of Lugonu the Unformed
   320 | D:1      | Reached * piety under Lugonu
   650 | D:2      | Identified 3 scrolls of acquirement
   650 | D:2      | Acquired the +5 crystal plate armour of Uskayaw's Reproof
                  | {Will++ Str-4}
   651 | D:2      | Acquired a +4 demon trident of electrocution
   652 | D:2      | Acquired the +8 lance "Wyrmbane" {slay drac, rPois rF+ rC+
                  | AC+3}
   652 | D:2      | Found the +8 lance "Wyrmbane" {slay drac, rPois rF+ rC+
                  | AC+3}
  1013 | D:2      | Reached XP level 3. HP: 29/29 MP: 3/3
  1499 | D:2      | Reached XP level 4. HP: 35/35 MP: 4/4
  1860 | D:3      | Noticed Ijyb
  1865 | D:3      | Killed Ijyb
  1865 | D:3      | Reached ** piety under Lugonu
  1938 | D:3      | Noticed a scorpion
  1940 | D:3      | Killed a scorpion
  1941 | D:3      | Reached XP level 5. HP: 41/41 MP: 5/5
  1999 | D:3      | Noticed Sigmund
  2005 | D:3      | Killed Sigmund
  2006 | D:3      | Reached XP level 6. HP: 33/47 MP: 6/6
  2335 | D:3      | Found Rezxetoc's Distillery.
  2341 | D:3      | Bought a potion of curing for 39 gold pieces
  2440 | D:3      | Bought a potion of might for 52 gold pieces
  2607 | D:4      | Found a staircase to the Ecumenical Temple.
  2641 | Temple   | Entered the Ecumenical Temple
  2699 | D:4      | Noticed a black bear
  2722 | D:4      | Killed a black bear
  2723 | D:4      | Reached XP level 7. HP: 52/52 MP: 7/7
  3052 | D:4      | Got Sif Muna's Compendium of Dislocated Enchantment
  3141 | D:4      | Acquired a manual of Fighting
  3211 | D:5      | Entered Level 5 of the Dungeon
  3322 | D:5      | Found a sparkling altar of Nemelex Xobeh.
  3388 | D:5      | Noticed Grinder
  3393 | D:5      | Paralysed by Grinder for 3 turns
  3396 | D:5      | Killed Grinder
  3397 | D:5      | Reached XP level 8. HP: 54/61 MP: 8/8
  3584 | D:5      | Reached skill level 5 in Fighting
  3880 | D:5      | Reached *** piety under Lugonu
  3892 | D:5      | Found a hazy altar of Hepliaklqana.
  3900 | D:5      | Reached skill level 3 in Armour
  3926 | D:5      | Found a glowing silver altar of Zin.
  4237 | D:6      | Noticed Menkaure
  4241 | D:6      | Killed Menkaure
  4242 | D:6      | Reached XP level 9. HP: 71/71 MP: 9/9
  4303 | D:6      | Noticed Blork the orc
  4309 | D:6      | Killed Blork the orc
  4639 | D:7      | Noticed Maurice
  4659 | D:7      | Something stole a +0 buckler
  4661 | D:7      | Killed Maurice
  4755 | D:7      | Reached skill level 1 in Invocations
  4763 | D:7      | Reached skill level 10 in Polearms
  5244 | D:8      | Acquired the amulet "Rufin" {Reflect SH+5 Stlth+}
  5245 | D:8      | Acquired 784 gold pieces
  5490 | D:8      | Reached XP level 10. HP: 82/82 MP: 12/12
  5597 | D:8      | Found the +2 hood of the Assassin {Detect Stab+ Stlth++}
  5676 | D:8      | Reached **** piety under Lugonu
  6151 | D:3      | Bought a potion of curing for 39 gold pieces
  6151 | D:3      | Bought a potion of mutation for 104 gold pieces
  6151 | D:3      | Bought 2 potions of enlightenment for 130 gold pieces
  6542 | D:9      | Noticed Maggie
  6549 | D:9      | Killed Maggie
  6588 | D:9      | Identified the ring "Xucw" {rPois Int+3 Dex+6 Stlth+}
  6632 | D:9      | Reached skill level 10 in Fighting
  6919 | D:10     | Entered Level 10 of the Dungeon
  7141 | D:10     | Noticed a two-headed ogre
  7150 | D:10     | Killed a two-headed ogre
  7151 | D:10     | Reached XP level 11. HP: 92/92 MP: 14/14
  7179 | D:10     | Noticed a deep elf pyromancer
  7187 | D:10     | Killed a deep elf pyromancer
  7334 | D:10     | Reached skill level 5 in Invocations
  7445 | D:10     | Found an ornate altar of the Wu Jian Council.
  7446 | D:10     | Found a stormy altar of Qazlal.
  7958 | D:11     | Reached ***** piety under Lugonu
  8081 | D:11     | Noticed Nergalle
  8082 | D:11     | Noticed a two-headed ogre
  8088 | D:11     | Killed Nergalle
  8092 | D:11     | Killed a two-headed ogre
  8097 | D:11     | Noticed Harold
  8111 | D:11     | Killed Harold
  8369 | D:11     | Noticed a cyclops
  8377 | D:11     | Killed a cyclops
  8449 | D:11     | Found a staircase to the Lair.
  8467 | D:11     | Reached skill level 1 in Stealth
  8469 | D:11     | Reached skill level 4 in Armour
  8598 | D:11     | Reached XP level 12. HP: 103/103 MP: 16/16
  8886 | Lair:1   | Entered Level 1 of the Lair of Beasts
  8886 | Lair:1   | Noticed Sonja
  8896 | Lair:1   | Killed Sonja
  9214 | Lair:1   | Reached skill level 5 in Armour
  9262 | Lair:1   | Noticed a boulder beetle
  9278 | Lair:1   | Killed a boulder beetle
  9462 | Lair:1   | Reached skill level 6 in Armour
  9878 | Lair:2   | Reached skill level 5 in Stealth
  9887 | Lair:2   | Found a hole to the Spider Nest.
 10024 | Lair:2   | Noticed a skyshark
 10030 | Lair:2   | Killed a skyshark
 10031 | Lair:2   | Reached skill level 7 in Armour
 10059 | Lair:2   | Found a gate leading to a gauntlet.
 10068 | Gauntlet | Entered a Gauntlet
 10068 | Gauntlet | Found a transporter.
 10068 | Gauntlet | Found a transporter.
 10093 | Gauntlet | Found a transporter.
 10112 | Gauntlet | Found a transporter.
 10112 | Gauntlet | Found a transporter.
 10113 | Gauntlet | Found a transporter.
 10115 | Gauntlet | Found a transporter.
 10115 | Gauntlet | Found a transporter.
 10132 | Gauntlet | Found a transporter.
 10143 | Gauntlet | Found a transporter.
 10155 | Gauntlet | Found a transporter.
 10169 | Gauntlet | Found a transporter.
 10189 | Gauntlet | Found a transporter.
 10206 | Gauntlet | Found a transporter.
 10348 | Gauntlet | Corrupted Gauntlet
 10381 | Gauntlet | Noticed a starcursed mass
 10595 | Gauntlet | Identified the +2 helmet of Follow the Leader {rF+ rC+}
 10615 | Gauntlet | Identified the +3 ring mail "Yfit" {Harm Regen+}
 10654 | Gauntlet | Noticed a minotaur
 10664 | Gauntlet | Killed a minotaur
 10773 | Gauntlet | Gained mutation: Your flesh is cold resistant. (rC+)
                  | [Coglin growth]
 10773 | Gauntlet | Gained mutation: Your flesh is heat resistant. (rF+)
                  | [Coglin growth]
 10773 | Gauntlet | Reached XP level 13. HP: 111/111 MP: 17/17
 10933 | Gauntlet | Identified the +1 pair of gloves of the Giraffatuar {rElec
                  | rF- rN+ Int+4}
 10937 | Gauntlet | Got the Catalogue of Energy and Blasphemous Arts
 11038 | Gauntlet | Reached skill level 8 in Armour
 12066 | Lair:2   | Acquired 1226 gold pieces
 12073 | Lair:2   | Reached skill level 10 in Armour
 12073 | Lair:2   | Reached XP level 14. HP: 118/118 MP: 18/18
 12258 | Lair:3   | Reached skill level 11 in Armour
 12263 | Lair:3   | Reached ****** piety under Lugonu
 12773 | Lair:3   | Found a staircase to the Swamp.
 13558 | Lair:4   | Reached skill level 12 in Armour
 13871 | Lair:4   | Noticed Snorg
 13881 | Lair:4   | Killed Snorg
 14317 | Lair:4   | Reached XP level 15. HP: 124/124 MP: 20/20
 14457 | Lair:5   | Entered Level 5 of the Lair of Beasts
 15209 | Lair:5   | Reached skill level 13 in Armour
 15695 | Lair:5   | Found a staircase to the Slime Pits.
 15947 | D:9      | Found a sacrificial altar of Ru.
 16040 | D:9      | Found Fumem's Self-Improvement Boutique.
 16048 | D:9      | Bought a manual of Armour for 960 gold pieces
 16241 | D:12     | Found a staircase to the Orcish Mines.
 16754 | D:12     | Reached skill level 14 in Armour
 17014 | D:12     | Found a sparkling altar of Nemelex Xobeh.
 17148 | Orc:1    | Entered Level 1 of the Orcish Mines
 17157 | Orc:1    | Noticed Urug
 17168 | Orc:1    | Killed Urug
 17546 | Orc:1    | Found Poegaara's General Store.
 17733 | Orc:1    | Bought a scroll of identify for 20 gold pieces
 17733 | Orc:1    | Bought a scroll of teleportation for 30 gold pieces
 17733 | Orc:1    | Bought a scroll of teleportation for 30 gold pieces
 17875 | Orc:1    | Noticed an orc warlord
 17891 | Orc:1    | Killed an orc warlord
 17920 | Orc:1    | Found an iron altar of Okawaru.
 17934 | Orc:1    | Noticed Erica
 17941 | Orc:1    | Killed Erica
 18020 | Orc:2    | Entered Level 2 of the Orcish Mines
 18087 | Orc:2    | Reached skill level 10 in Stealth
 18108 | Orc:2    | Found a frozen archway.
 18136 | IceCv    | Entered an ice cave
 18211 | IceCv    | Reached skill level 15 in Armour
 18601 | IceCv    | Reached XP level 16. HP: 131/131 MP: 22/22
 18894 | IceCv    | Identified the +4 war axe "Ifyadi" {holy, +Blink rPois rF++
                  | Int-3}
 18897 | IceCv    | Got the Teachings on the Crevasse
 19323 | Orc:2    | Reached skill level 10 in Invocations
 19369 | Orc:2    | Noticed Saint Roka
 19497 | Orc:2    | Killed Saint Roka
 19498 | Orc:2    | Reached skill level 16 in Armour
 19692 | Orc:2    | Found Iluss's General Store.
 19703 | Orc:2    | Found Axemi's General Store.
 19927 | Orc:2    | Bought a potion of heal wounds for 80 gold pieces
 19988 | Orc:2    | Reached skill level 17 in Armour
 20058 | Orc:2    | Found Foddum's Antique Weapon Boutique.
 20058 | Orc:2    | Found Poyhaen's Jewellery Shop.
 20058 | Orc:2    | Found a one-way gate leading to the halls of Pandemonium.
 20155 | Orc:2    | Found a staircase to the Elven Halls.
 20265 | Orc:2    | Found Ycinusha's Vocational Training.
 20273 | Orc:2    | Bought a manual of Invocations for 880 gold pieces
 20510 | Orc:2    | Bought a manual of Evocations for 880 gold pieces
 20630 | Orc:2    | Bought a scroll of identify for 34 gold pieces
 21697 | D:14     | Found Gam Qemne's Armour Emporium.
 21705 | D:14     | Bought a +2 pair of boots of flying for 258 gold pieces
 21907 | D:14     | Reached skill level 18 in Armour
 21907 | D:14     | Reached XP level 17. HP: 137/137 MP: 23/25
 21963 | D:14     | Noticed Kirke
 21980 | D:14     | Killed Kirke
 22067 | D:14     | Identified the ring of Nobility {Ice rN+++ Str+3 Stlth-}
 22671 | D:14     | Found a gate to the Vaults.
 22880 | D:15     | Entered Level 15 of the Dungeon
 23128 | D:15     | Reached XP level 18. HP: 144/146 MP: 27/27
 23511 | D:15     | Found a staircase to the Depths.
 23858 | Swamp:1  | Entered Level 1 of the Swamp
 24114 | Swamp:1  | Noticed Donald
 24124 | Swamp:1  | Killed Donald
 24499 | Swamp:1  | You are sucked into a shaft and drop 1 floor!
 24948 | Swamp:2  | Noticed Louise
 25049 | Swamp:2  | Killed Louise
 25551 | Swamp:2  | Found a runed translucent door.
 25551 | Swamp:2  | Noticed ryw's ghost (adept DsMo)
 25584 | Swamp:2  | Killed ryw's ghost
 25887 | Swamp:3  | Reached skill level 1 in Evocations
 26087 | Swamp:3  | Found an ornate altar of the Wu Jian Council.
 26095 | Swamp:3  | Identified the +9 halberd "Juzeciuf" {spect, rF++}
 26118 | Swamp:3  | Reached skill level 1 in Dodging
 27204 | Swamp:4  | Entered Level 4 of the Swamp
 27346 | Swamp:4  | Noticed Bai Suzhen
 27377 | Swamp:3  | Killed Bai Suzhen
 27378 | Swamp:3  | Reached skill level 1 in Shapeshifting
 27680 | Swamp:4  | Reached skill level 15 in Invocations
 27762 | Swamp:4  | Reached skill level 15 in Fighting
 27884 | Swamp:4  | Reached skill level 19 in Armour
 27981 | Swamp:4  | Reached XP level 19. HP: 101/155 MP: 30/30
 28361 | Swamp:4  | Reached skill level 5 in Dodging
 28589 | Swamp:4  | Noticed Mara
 28598 | Swamp:4  | Noticed CInkIbrahim's illusion
 28623 | Swamp:4  | Noticed CInkIbrahim's illusion
 28663 | Swamp:4  | Noticed CInkIbrahim's illusion
 28668 | Swamp:4  | HP: 2/155 [Mara (illusionary)/+1 demon whip of freezing
                  | (14)]
 28671 | Swamp:3  | Noticed CInkIbrahim's illusion
 28674 | Swamp:3  | Banished Mara
 29372 | Swamp:4  | Found a basalt altar of Yredelemnul.
 29388 | Swamp:4  | Got a decaying rune of Zot
 29416 | Swamp:4  | Found a blossoming altar of Fedhas.
 29430 | Swamp:4  | Mangled by a bunyip

Illustrated notes

Levels and vault maps discovered:
D:1:      psy_arrival_whirlpool, layout_basic,
          shapermc_ecumenical_altar_starsandcircs, minmay_strange_pillars
D:2:      kennysheep_big_flooded_room, layout_loops_corners, minmay_cut_off
D:3:      layout_loops_ring, serial_shops,
          nicolae_shop_temple_entry_statues_fountains, grunt_decor_clamped,
          uniq_sigmund, uniq_ijyb
D:4:      layout_basic, minmay_temple_entry_glassed_door, minmay_quadrilaterals
D:5:      layout_basic, zin_scriptorium, lemuel_round_altar,
          nicolae_overflow_crystal_walls, hangedman_glass_teeth, uniq_grinder
D:6:      layout_cave_pools, uniq_menkaure, uniq_blork_the_orc
D:7:      layout_rooms, uniq_maurice
D:8:      layout_loops_ring, nicolae_the_louvre
D:9:      nicolae_hitomezashi [nicolae_hito_row, nicolae_hito_row,
          nicolae_hito_row, nicolae_hito_row, nicolae_hito_row,
          nicolae_hito_row, nicolae_hito_row, nicolae_hito_row,
          nicolae_hito_row, nicolae_hito_row, nicolae_hito_row,
          nicolae_hito_row, nicolae_hito_row, nicolae_hito_row,
          nicolae_hito_row, nicolae_hito_row, nicolae_hito_row,
          nicolae_hito_row], layout_gridville, mainiacjoe_overflow_alcove_2,
          serial_ice, serial_ice_h, serial_ice_i, serial_ice_n, serial_ice_o,
          ebering_dispersal_statue_hall, nicolae_shop_self_help, uniq_maggie
D:10:     layout_irregular_city, mainiacjoe_overflow_divided_tiny,
          minmay_misc_feat_four_crosses
D:11:     layout_small_grid, hellmonk_lair_entry_icy, uniq_harold, uniq_nergalle
D:12:     layout_basic, hiddenorc2_lemuel, serial_bayou_ford_a,
          nemelex_diamond_rough_becter
D:13:     layout_stronghold
D:14:     layout_loops_cross, david_vaults_4, serial_shops, shop,
          serial_park_tiny_pond, minmay_misc_feat_rugged,
          kennysheep_opposing_triangles, uniq_kirke
D:15:     grunt_enter_depths_snipers, layout_irregular_city, serial_glass,
          glass_columns_a, glass_columns_b, chequers_arboretum
Temple:   nicolae_temple_x_marks_the_god
Lair:1:   layout_gridlike, nicolae_lair_lindhole, grunt_megastairs_2, uniq_sonja
Lair:2:   layout_cave_pods, spider_nest_entry_a, gauntlet_entry_generic,
          st_stairs_6, lemuel_fruit_fields, grunt_megastairs_1,
          lemuel_fruit_tree
Lair:3:   layout_loops_ring, nicolae_swamp_entry_splash_gauntlet, ice2_lemuel
Lair:4:   wad_woods_tower, layout_cave_pods, chequers_serial_rivers_micro_b,
          uniq_snorg
Lair:5:   minmay_lair_end_enchanted_forest, layout_long_grid,
          dpeg_slime_entry_enclosed, grunt_megastairs_5
Swamp:1:  layout_basic_swamp, evilmike_swamp_ruin_house_4, uniq_donald
Swamp:2:  layout_falls_marsh, hellmonk_ghost_happy_afterlife,
          hangedman_swamp_diagram, uniq_louise
Swamp:3:  layout_basic_swamp, hangedman_swamp_ruin_hall, nicolae_swamp_godswood
Swamp:4:  byrel_swamp_growth_death_and_undeath, layout_basic_swamp,
          swamp_pool_1_2, beargit_guarded_unrand_captain_cutlass,
          uniq_bai_suzhen, uniq_mara
Orc:1:    layout_caves, serial_shops, shop, okawaru_metal_pillars_1_2,
          uniq_erica, uniq_urug
Orc:2:    pf_orc_diabolical, layout_caves, portal_ice_cave_demonic_guard,
          nicolae_shop_vocational, uniq_saint_roka

Skill      XL: |  1  2  3  4  5  6  7  8  9 10 11 12 13 14 15 16 17 18 19 |
---------------+----------------------------------------------------------+-----
Polearms       | 2 3 4 6 8 9 10 12 13 14 | 14.0
Fighting       | 4 6 8 10 12 13 14 15 | 15.0
Armour         | 3 4 7 10 12 15 18 19 | 19.0
Invocations    | 2 4 5 6 9 11 12 15 | 15.5
Stealth        | 1 6 7 8 10 | 10.0
Evocations     | 3 |  3.3
Dodging        | 4 6 |  6.6
Shapeshifting  | 2 4 |  4.1
Shields        | |  2.1

Action                     |  1- 3 |  4- 6 |  7- 9 | 10-12 | 13-15 | 16-18 | 19-21 || total
---------------------------+-------+-------+-------+-------+-------+-------+-------++-------
  Melee: Trident           |    23 |       |       |       |       |       |       ||    23
         Lance             |    18 |    20 |   117 |   330 |   747 |   910 |   244 ||  2386
         Demon trident     |    16 |    21 |   126 |   340 |   789 |   930 |   246 ||  2468
  Throw: Throwing net      |       |       |       |     1 |       |       |       ||     1
 Invoke: Corrupt           |       |       |       |     1 |       |       |       ||     1
         Banish            |       |       |       |       |       |       |     3 ||     3
    Use: Scroll            |     3 |       |    11 |    10 |     9 |     2 |       ||    35
         Potion            |       |       |       |     3 |     3 |     4 |     5 ||    15
   Stab: Held in net/web   |       |       |       |     2 |       |       |       ||     2
         Invisible         |       |       |       |       |     6 |     7 |       ||    13
 Armour: Scale mail        |    18 |     9 |    13 |       |       |       |       ||    40
         Crystal plate arm |       |       |    51 |   152 |   437 |   635 |   233 ||  1508
  Dodge: Dodged            |     5 |     1 |     8 |     2 |    51 |   114 |    43 ||   224
  Block: Buckler           |     4 |       |       |       |       |       |       ||     4
         Other             |       |       |     1 |    34 |    76 |    87 |    20 ||   218
         Reflection        |       |       |       |     6 |     5 |    10 |       ||    21

Table legend: (Time is in decaauts)
 A = Elapsed time spent in this place.
 B = Non-inter-level travel time spent in this place.
 C = Inter-level travel time spent in this place.
 D = Time resting spent in this place.
 E = Time spent auto-exploring this place.
 F = Levels seen in this place.
 G = Mean time per level.
                   A        B        C        D        E       F      G
               +--------+--------+--------+--------+--------+-----+--------+
         Total |  28297 |  25197 |   3100 |   3523 |  15319 |  29 |  975.8 |
       Dungeon |  13450 |  11711 |   1739 |   1145 |   8365 |  15 |  896.7 |
        Temple |      7 |      3 |      4 |      0 |      0 |   1 |    7.0 |
          Lair |   5798 |   4962 |    836 |    235 |   3656 |   5 | 1159.6 |
         Swamp |   4858 |   4581 |    277 |   1663 |   1785 |   4 | 1214.5 |
  Orcish Mines |   2305 |   2063 |    242 |    284 |    963 |   2 | 1152.5 |
      Ice Cave |    762 |    762 |      0 |    196 |    250 |   1 |  762.0 |
      Gauntlet |   1114 |   1114 |      0 |      0 |    300 |   1 | 1114.0 |
               +--------+--------+--------+--------+--------+-----+--------+

Top non-repeatable levels by time:
 Swamp:3: 1571 daAuts
   Orc:2: 1517 daAuts
 Swamp:4: 1358 daAuts
  Lair:4: 1305 daAuts
    D:14: 1262 daAuts
    D:12: 1254 daAuts
  Lair:3: 1222 daAuts
 Swamp:1: 1179 daAuts
     D:2: 1154 daAuts
  Lair:2: 1131 daAuts
Gauntlet: 1114 daAuts
  Lair:5: 1076 daAuts
  Lair:1: 1063 daAuts
    D:11: 1019 daAuts
    D:10: 1009 daAuts
